[Event "34th GER-ch Seniors-65 2022"]
[Site "Magdeburg"]
[Date "2022.08.14"]
[Round "3.10"]
[White "Schulz, Wolfgang"]
[Black "Beilfuss, Wilfried"]
[Result "0-1"]
[ECO "B32"]
[WhiteElo "2093"]
[BlackElo "2154"]
[Annotator "TA"]
[PlyCount "62"]
[EventDate "2022.08.12"]
[EventType "swiss"]
[EventCountry "GER"]
[SourceTitle "playchess.com"]
[Source "ChessBase"]
[SourceQuality "1"]
[TimeControl "40/5400+30:1800+30"]

1. e4 c5 2. d4 cxd4 3. Nf3 Nc6 4. Nxd4 Qb6 5. Nb5 a6 6. Be3 Qd8 7. N5a3 {[%emt 0:03:23] B32: Sicilian: Löwenthal and Kalashnikov Variations.} (7. N5c3 $5 e6 8. g3 $11) 7... b5 {[%emt 0:04:14][%cal Bb7b5,Bb5b4][%mdl 32] Prevents Nc4.} 8. c4 b4 9. Nc2 {[%emt 0:00:08] White is slightly better.} Nf6 10. Nd2 {[%emt 0:03:33] [#]} e6 $146 ({Predecessor:} 10... Bb7 11. f4 d6 12. Qf3 g6 13. O-O-O Bg7 14. e5 dxe5 15. fxe5 Nd7 16. e6 fxe6 {½-½ (35) Gurevich,I (2510)-Polgar,J (2575) New York 1992}) 11. f4 d6 {[%emt 0:03:04] Prevents e5.} 12. Qf3 Qc7 13. Bd3 Be7 14. O-O O-O 15. g4 Nd7 16. Nd4 {[%emt 0:06:53] [#]} (16. Qh3 $11 {remains equal.}) 16... Nxd4 $1 $17 17. Bxd4 {[%emt 0:00:19] [#]} e5 $1 18. Be3 exf4 19. Qxf4 Bf6 20. e5 Nxe5 21. Bxh7+ {[%emt 0:02:13][%mdl 8192] White does not recover from this.} (21. Be4 $17 {is tougher.} Ng6 22. Qf3) 21... Kxh7 $19 22. Qe4+ Kg8 {[%emt 0:00:20] White must now prevent ...Bb7.} 23. Qxa8 Bb7 {[%emt 0:00:58] Against Qg2} 24. Qa7 Qc6 25. Kf2 Qg2+ 26. Ke1 Nd3+ 27. Kd1 Nxb2+ 28. Kc2 Nxc4 29. Rxf6 gxf6 (29... Rc8 $142 30. Bf2 Na3+ 31. Kd3 gxf6) 30. Qd4 Rc8 {[%emt 0:02:06] ( -> ...Nxd2+)} 31. Kd1 Bf3+ {[%emt 0:02:45] Weighted Error Value: White=1.54/Black=0.20 (precise)} 0-1

[Event "34th GER-ch Seniors-65 2022"]
[Site "Magdeburg"]
[Date "2022.08.14"]
[Round "3.11"]
[White "Braun, Gottfried"]
[Black "Pueschel, Werner"]
[Result "1-0"]
[ECO "B22"]
[WhiteElo "2143"]
[BlackElo "2034"]
[Annotator "TA"]
[PlyCount "83"]
[EventDate "2022.08.12"]
[EventType "swiss"]
[EventCountry "GER"]
[SourceTitle "playchess.com"]
[Source "ChessBase"]
[SourceQuality "1"]
[TimeControl "40/5400+30:1800+30"]

1. e4 c5 2. c3 Nf6 3. e5 Nd5 4. d4 cxd4 5. Nf3 e6 6. cxd4 b6 7. Nc3 Nxc3 8. bxc3 Bb7 9. Bd3 Be7 (9... Qc7 $11 {is more appropriate.} 10. Bd2 d6) 10. O-O $14 {[%emt 0:00:38] B22: Sicilian: 2 c3.} Nc6 11. Re1 Na5 12. Bf4 {[%emt 0:02:28] White is slightly better.} Rc8 $1 13. Rc1 Bd5 {[%emt 0:00:12] [#] Inhibits c4.} 14. Rc2 $146 ({Predecessor:} 14. Nd2 Nc4 15. Qg4 Kf8 16. Bxc4 Bxc4 17. Ne4 Bd3 18. Nd6 Bxd6 19. exd6 Bc4 20. h4 {1-0 (37) Suran,J (2180)-Havranek,M (2340) Czech Republic 1994}) 14... Rc7 15. Nd2 Qc8 16. Qc1 (16. c4 $5 Nxc4 17. Bxc4 Bxc4 18. Qg4 $14) 16... Nc4 17. Nxc4 Bxc4 18. Be4 Qa6 19. Qe3 h6 20. Bg3 Qa5 21. f4 Bd5 22. Bxd5 Qxd5 23. f5 Rc4 24. Rf1 exf5 25. Rxf5 Bg5 26. Qd3 {[%emt 0:02:18][%cal Oe5e6] [#] Threatens to win with e6!} g6 (26... O-O $11) 27. Rf3 h5 28. Rcf2 {[%emt 0:10:44] Strongly threatening h4.} O-O 29. Bf4 ({White should play} 29. h4 $14 Bh6 30. Bf4 Bxf4 31. Rxf4) 29... Bxf4 $11 30. Rxf4 Rc6 31. R4f3 b5 32. h3 Re6 33. Qf1 Rc6 34. Qd3 a6 35. Qd2 Kg7 36. Qg5 Re6 37. g4 hxg4 {[%emt 0:00:31][%mdl 8192] This move loses the game for Black.} (37... h4 $11) 38. hxg4 $18 {[%emt 0:00:17][%cal Of2h2] [#] White wants to mate with Rh2!} d6 39. Rh3 {[%emt 0:01:13] White mates.} Rh8 40. Rxh8 Kxh8 41. Rh2+ Kg8 42. Qd8+ {[%emt 0:00:10] Weighted Error Value: White=0.11 (very precise) /Black=0.26 (precise)} 1-0

[Event "34th GER-ch Seniors-65 2022"]
[Site "Magdeburg"]
[Date "2022.08.14"]
[Round "3.12"]
[White "Knaak, Joachim"]
[Black "Ehlert, Horst"]
[Result "1/2-1/2"]
[ECO "D02"]
[WhiteElo "2142"]
[BlackElo "2011"]
[Annotator "TA"]
[PlyCount "36"]
[EventDate "2022.08.12"]
[EventType "swiss"]
[EventCountry "GER"]
[SourceTitle "playchess.com"]
[Source "ChessBase"]
[SourceQuality "1"]
[TimeControl "40/5400+30:1800+30"]

1. d4 d5 2. Bf4 Nf6 3. e3 c5 4. Nf3 Nc6 5. c3 Qb6 6. b3 {[%emt 0:08:10] D02: 1 d4 d5 2 Nf3 sidelines, including 2...Nf6 3 g3 and 2...Nf6 3 Bf4.} Bg4 {[%emt 0:02:16] next ...cxd4 is good for Black.} 7. Nbd2 e6 8. Bd3 {[%emt 0:02:49] The position is equal.} Be7 9. O-O O-O 10. h3 Bh5 11. Qe2 cxd4 12. exd4 Rac8 13. Rac1 {[%emt 0:04:31] [#]} a6 $146 ({Predecessor:} 13... Rfe8 14. g4 Bg6 15. Ne5 Ba3 16. Rcd1 Nxe5 17. dxe5 Bxd3 18. Qxd3 Ne4 19. Nxe4 dxe4 {1-0 (40) Charaus,F (2115)-Hoegl,E (1990) Vienna 2018}) 14. Qe3 Bg6 15. Bxg6 hxg6 16. Ne5 Ba3 17. Nxc6 Rxc6 18. Ra1 {[%emt 0:00:30] [#]} (18. Rc2 $11 {and White has nothing to worry.}) 18... Rfc8 {Weighted Error Value: White=0.37/Black=0.11 (very precise)} (18... Bb2 $19 19. Rab1 Bxc3) 1/2-1/2

[Event "34th GER-ch Seniors-65 2022"]
[Site "Magdeburg"]
[Date "2022.08.15"]
[Round "4.1"]
[White "Beilfuss, Wilfried"]
[Black "Boidman, Yuri"]
[Result "0-1"]
[ECO "A11"]
[WhiteElo "2154"]
[BlackElo "2286"]
[Annotator "TA"]
[PlyCount "110"]
[EventDate "2022.08.12"]
[EventType "swiss"]
[EventCountry "GER"]
[SourceTitle "playchess.com"]
[Source "ChessBase"]
[SourceQuality "1"]
[TimeControl "40/5400+30:1800+30"]

1. g3 d5 2. Nf3 Nf6 3. Bg2 Bf5 4. O-O e6 5. c4 c6 6. cxd5 cxd5 7. Qb3 Qb6 8. Qxb6 axb6 9. Nc3 Nc6 10. d3 Be7 11. Nb5 {[%emt 0:03:38] A11: English Opening: 1...c6.} O-O 12. Bd2 Rfc8 13. Rfc1 {[%emt 0:06:07] [#] The position is equal.} e5 $146 ({Predecessor:} 13... h6 14. a3 Nd7 15. Nfd4 Bg6 16. Bh3 Nxd4 17. Nxd4 Nc5 18. Be3 Bf6 19. Rab1 Kf8 {0-1 (74) Stewart,A (2146)-Jaracz,B (2199) Daventry 2019}) 14. d4 e4 15. Ne1 Bg4 16. Bf1 (16. f3 $5 Bd7 17. Nc2 $11) 16... h6 17. Nc2 Bd7 18. e3 Nh7 19. Nc3 Be6 20. f3 ({White should try} 20. Bb5 $11) 20... exf3 $15 21. Ne1 (21. Kf2 $15) 21... Ng5 $17 22. h4 (22. Bd3 $17) 22... Ne4 $19 23. Nxf3 Nxg3 24. Bg2 Ne4 25. Be1 f5 {[%emt 0:05:44] Black is much more active.} 26. Nb5 g5 27. hxg5 hxg5 28. a3 g4 29. Nh2 Bg5 30. Nf1 Be7 (30... Bd7 $17 31. Bxe4 dxe4) 31. Ng3 (31. Nh2 $1 $11) 31... Kf7 ({Black should play} 31... Bf6 $17 32. Bxe4 dxe4) 32. Nxe4 (32. Bxe4 $11 {remains equal.} fxe4 33. Ne2) 32... dxe4 $17 (32... fxe4 33. Bg3 $15) 33. Bg3 Na5 $36 {[%emt 0:01:14][%mdl 2048] White is under strong pressure.} 34. Nc7 $2 (34. Rf1 $17 {is a better defense.}) 34... Nb3 $1 $19 ({Inferior is} 34... Bg5 35. Rc3 $11) 35. Nxa8 $2 (35. d5 Bxd5 36. Rf1) 35... Rxa8 $2 (35... Rxc1+ $2 {perishes.} 36. Rxc1 Nxc1 37. Nxb6 $19) (35... Nxc1 $19 36. d5 (36. Nxb6 $2 Ne2+ 37. Kf2 Rc2 $19) 36... Ne2+ 37. Kf2 Nxg3 38. dxe6+ Kxe6 39. Kxg3 Rxa8) 36. Rab1 {[%emt 0:00:26] And now Rc7 would win.} Nxc1 37. Rxc1 Rc8 38. Rxc8 Bxc8 $15 {[%emt 0:00:02][%mdl 4096] Endgame KBB-KBB} 39. Bc7 ({Only move:} 39. Bf1 $1 $15) 39... b5 $19 40. Bf1 Bd7 41. b4 $2 (41. Kf2) 41... Bg5 42. Kf2 Bh4+ (42... Ke6 $19 {aiming for ...Kd5.} 43. Be2 Kd5) 43. Bg3 $17 Bg5 (43... Be7 $17 {...Bg5 is the strong threat.} 44. Ke1 Ke6) 44. Be2 $2 (44. Bc7 $1 $11) 44... Bc6 45. Bb8 Ke6 46. Bg3 Kd5 47. Be5 Bd7 48. Bb8 $2 {[%emt 0:00:00] [#]} (48. Bf1 {only move.}) 48... Bh6 $2 (48... f4 $1 $19 49. exf4 Bh4+ 50. Ke3 Be1) 49. Be5 Bg5 $2 (49... Kc6 $17 50. Bd1 Be6) 50. Bb8 $1 $19 {[%emt 0:00:00] [#]} f4 $1 51. exf4 Bh4+ 52. Ke3 Be1 53. Be5 $2 (53. f5 g3 54. Bg4) 53... g3 {[%emt 0:00:00] ( -> ...g2). Black is clearly winning.} 54. Bf1 Bf2+ 55. Ke2 Bg4+ {[%emt 0:00:00] Weighted Error Value: White=0.71/Black=0.48} 0-1

[Event "34th GER-ch Seniors-65 2022"]
[Site "Magdeburg"]
[Date "2022.08.15"]
[Round "4.6"]
[White "Klundt, Klaus"]
[Black "Kuhn, Gerd"]
[Result "1-0"]
[ECO "B11"]
[WhiteElo "2288"]
[BlackElo "2049"]
[Annotator "TA"]
[PlyCount "55"]
[EventDate "2022.08.12"]
[EventType "swiss"]
[EventCountry "GER"]
[SourceTitle "playchess.com"]
[Source "ChessBase"]
[SourceQuality "1"]
[TimeControl "40/5400+30:1800+30"]

1. e4 c6 2. Nc3 d5 3. Nf3 Nf6 4. e5 Ne4 5. Ne2 Qb6 {[%emt 0:07:17][%csl Ge4][%cal Rb6f2] [#]} 6. d4 {[%emt 0:01:37] B11: Caro-Kann: Two Knights Variation.} h6 7. Ng3 (7. c3 $16) 7... Bg4 {[%emt 0:06:00] [#]} 8. Bd3 $146 {[%emt 0:01:19] White is slightly better.} (8. c3 $5 ) ({Predecessor:} 8. c3 e6 9. Bd3 Nxg3 10. hxg3 c5 11. Qa4+ Nc6 12. dxc5 Bxc5 13. Qxg4 Bxf2+ 14. Ke2 {1-0 (24) Munguntuul,B (2428)-Chandreyee,H (1925) Chennai 2019}) 8... Ng5 9. h4 Ne6 10. Be3 {[%emt 0:05:24] Active counter play!} Qxb2 11. O-O Qb6 12. c4 {[%emt 0:02:18] cxd5 is the strong threat.} Qd8 ({Black should play} 12... Nd8) 13. Rb1 (13. cxd5 $142 Qxd5 14. Qb1) 13... Nc7 (13... dxc4 $16 14. Be4 (14. Bxc4 b5 $14) 14... Qd7) 14. Rxb7 $18 Bc8 {[%emt 0:09:04] [#]} (14... Qc8) 15. Rb2 (15. e6 $142 $1 Bxb7 (15... Bxe6 16. Bf4) 16. Ne5) 15... e6 16. Qa4 Ba6 17. Rfb1 {[%emt 0:01:16][%cal Oc4d5] aiming for cxd5!} Be7 18. Bd2 (18. Rxb8 Rxb8 19. Qxc6+ Kf8 20. Rxb8 Qxb8 $17) 18... O-O (18... dxc4 $16 19. Bxc4 (19. Rxb8 Rxb8 20. Rxb8 Qxb8 $17) 19... Bxc4 20. Qxc4 Nd5) 19. Ba5 (19. Re1 $18) 19... dxc4 $16 20. Bxc4 (20. Be4 {is more complex.} Qc8 21. Bxc7 Qxc7 22. Rc1) 20... Bxc4 21. Bxc7 Qxc7 22. Qxc4 {[%emt 0:00:18][%cal Od4d5] Strongly threatening d5!} Qa5 {[%emt 0:01:32] Against d5} (22... Nd7 $14) 23. Rb7 $18 Ba3 (23... Qd8 $16 24. Nh5 Bxh4) 24. Ne4 $2 (24. d5 Na6 25. Qg4) 24... Qd5 $2 (24... Qd8 25. g4 Nd7) 25. Qd3 {[%emt 0:00:45] White wants to mate with Neg5.} c5 26. Neg5 {[%emt 0:01:04] White mates.} ({Weaker is} 26. Nd6 Bb4 27. a3 Ba5 $18) 26... hxg5 27. Nxg5 g6 28. Nxf7 {[%emt 0:00:13][%mdl 64] Remove Defender.  Weighted Error Value: White=0.57/Black=0.94} 1-0

[Event "34th GER-ch Seniors-65 2022"]
[Site "Magdeburg"]
[Date "2022.08.15"]
[Round "4.7"]
[White "Polster, Wolfgang"]
[Black "Blab, Ludwig"]
[Result "1-0"]
[ECO "B22"]
[WhiteElo "2237"]
[BlackElo "2033"]
[Annotator "TA"]
[PlyCount "71"]
[EventDate "2022.08.12"]
[EventType "swiss"]
[EventCountry "GER"]
[SourceTitle "playchess.com"]
[Source "ChessBase"]
[SourceQuality "1"]
[TimeControl "40/5400+30:1800+30"]

1. e4 e6 2. d4 d5 3. Nd2 c5 4. Ngf3 Nc6 5. c3 cxd4 6. cxd4 dxe4 7. Nxe4 Nf6 8. Bd3 Qd5 9. Nc3 Bb4 10. O-O Qd8 11. Bc2 {[%emt 0:20:46] [#] B22: Sicilian: 2 c3.} b6 $146 (11... h6 $14) ({Predecessor:} 11... O-O 12. Qd3 Be7 13. a3 b6 14. Bg5 g6 15. Rfe1 Bb7 16. Rad1 Rc8 17. Bb3 Qc7 18. d5 Nxd5 19. Bxd5 Rfd8 20. Qe3 Bxg5 21. Qxg5 exd5 22. Nxd5 Rxd5 23. Rxd5 Na5 24. Rde5 {1-0 (23) Paichadze,L (2572)-Hossain,D (2102) Dhaka 2017}) 12. Ba4 $18 Bd7 13. d5 {[%emt 0:02:01] White is clearly better.} Ne7 (13... Nb8 $16 {was worth a try.}) 14. dxe6 fxe6 15. Ne5 Bxc3 16. bxc3 b5 17. Nxd7 bxa4 $2 {[%emt 0:00:29] [#]} (17... Qxd7 {is tougher.} 18. Qxd7+ Nxd7) 18. Nxf6+ gxf6 19. Qxa4+ (19. Qh5+ $18 Ng6 20. Rd1) 19... Qd7 $16 20. Qxd7+ Kxd7 21. Rd1+ Kc6 22. Ba3 Nd5 {[%emt 0:04:13] A mistake that costs the game.} (22... Nf5 $16 23. Re1 e5) 23. c4 $18 Nc7 24. Rd6+ Kb7 25. Rad1 a5 26. Rd7 Ra6 27. Bd6 Rc6 28. c5 Kc8 29. Rf7 f5 (29... Nb5 $142 30. Be7 (30. Rxf6 Rd8 $18) 30... Rc7) 30. Rb1 {[%emt 0:02:28] [#] Hoping for Rb6.} h5 (30... Rd8 $18 31. h4 Rd7) 31. Rb6 Rxb6 32. cxb6 (32. Rxc7+ $142 Kb8 33. cxb6 Rd8 34. Rd7+ Kc8 35. Rxd8+ Kb7 36. Bc5 f4 37. Rd7+ Kc6 38. Rc7+ Kd5 39. b7) 32... Na6 {[%emt 0:00:16] White is clearly winning.} 33. b7+ (33. Ra7 $142 Nb8 34. Rc7+ Kd8 35. Be7+ Ke8 36. Rc8+ Kxe7 37. Rxh8) 33... Kd8 34. b8=Q+ Nxb8 35. Bxb8 Ke8 36. Ra7 {[%emt 0:00:55] Weighted Error Value: White=0.22 (precise) /Black=0.94} 1-0

[Event "34th GER-ch Seniors-65 2022"]
[Site "Magdeburg"]
[Date "2022.08.15"]
[Round "4.9"]
[White "Gries, Volker"]
[Black "Schulz, Michael"]
[Result "1-0"]
[ECO "A05"]
[WhiteElo "2050"]
[BlackElo "2217"]
[Annotator "TA"]
[PlyCount "95"]
[EventDate "2022.08.12"]
[EventType "swiss"]
[EventCountry "GER"]
[SourceTitle "playchess.com"]
[Source "ChessBase"]
[SourceQuality "1"]
[TimeControl "40/5400+30:1800+30"]

1. Nf3 Nf6 2. g3 b5 3. Bg2 Bb7 4. O-O e6 5. d3 d5 6. Nbd2 Be7 7. e4 O-O {[%emt 0:00:15] is now more promising than 7...c5. A05: Réti Opening: 1 Nf3 Nf6.} 8. e5 (8. exd5 $11 Bxd5 9. b3) 8... Nfd7 $1 $15 9. Re1 c5 {[%emt 0:00:20] Black is slightly better.} 10. Nf1 a5 11. h4 b4 12. N1h2 Nc6 13. Bf4 a4 14. a3 bxa3 15. bxa3 Ba6 16. Ng4 {[%emt 0:05:24] [#]} c4 $146 ({Predecessor:} 16... Rb8 17. Ng5 Qe8 18. c4 Nb6 19. cxd5 Nxd5 20. Bxd5 exd5 21. e6 f6 22. Nf7 Rb3 {0-1 (40) Mortazavi,A (2333)-Eswaran,A (2244) Chess.com INT 2021}) 17. d4 c3 18. Bg5 h5 $2 ({Black should play} 18... Rb8 $11) 19. Ne3 f6 (19... Nb6 $16) 20. exf6 $18 Nxf6 21. Ne5 Nxe5 22. dxe5 Ng4 23. Bxe7 (23. Nxg4 $18 {[%cal Og4f6] Black must now prevent Nf6+!} Bxg5 24. hxg5 hxg4 25. Qxg4) 23... Qxe7 $16 24. Nxg4 hxg4 25. Qxg4 Qf7 26. f4 (26. Qd4 $142) 26... Rad8 (26... Rab8 $16) 27. Bh3 (27. Rab1 $18) 27... Qa7+ (27... Rfe8 $1 $14) 28. Kh1 (28. Kh2 $18) 28... Rf5 $2 (28... Rfe8 $16) 29. Qf3 $2 (29. Qg6 $18 {is the precise move to win.}) 29... d4 {[%emt 0:00:56] aiming for ...Bb7.} 30. Bxf5 exf5 31. Rab1 {[%emt 0:00:27] Prevents Bb7.} (31. Qf2 $16) 31... d3 $11 32. cxd3 {[%emt 0:13:28] And now Qc6 would win.} c2 33. Rb4 (33. Rb2 $11) 33... Rxd3 $19 34. Qc6 {[%emt 0:00:14] [#]} Kh7 $2 (34... Qd7 $1 $19 35. Qxd7 (35. Qxa6 Qd5+) (35. Qxc2 $2 Rd2 $19) (35. Qxa4 Bb7+ 36. Kh2 Rd2+ 37. Kg1 Rg2+ 38. Kh1 Re2+) 35... Rxd7 36. Rb8+ (36. Rxa4 Rd1 37. Kh2 Rxe1 38. Rxa6 c1=Q 39. Ra8+ Kh7) 36... Kh7) 35. Qxc2 $11 ({Not} 35. Rb6 $2 Rxg3 36. Kh2 (36. Rxa6 {gets mated.} Qf2) 36... Rg4 $19) 35... Qd7 (35... Rxg3 $11 36. Qxf5+ g6) 36. e6 $18 Bb7+ {[%emt 0:01:50] [#]} 37. Rxb7 $1 Qxb7+ {[%emt 0:00:05][%mdl 4096] Endgame KQR-KQR} 38. Qg2 (38. Kh2 $142 Qf3 39. Qg2 Qxg2+ 40. Kxg2) 38... Qe7 39. Kh2 Rxa3 40. Qd5 Qf6 (40... g6 41. Qc4 Rb3 42. Qxa4 Rb6) 41. h5 {[%emt 0:38:57] Threatening mate with e7.} Qb2+ 42. Qg2 $2 (42. Kh3 {White threatens e7 and mate.} Qf2 43. Qxf5+ Kh8 44. Qf8+ Kh7 45. Qxa3 Qxe1 46. Qd3+ Kh8 47. Qd7) 42... Qb8 $2 (42... Ra2 $18 43. Qxb2 Rxb2+ 44. Kh3 Rb8) 43. Qc2 {[%emt 0:00:00] White mates.} g6 44. e7 Qe8 45. Qb2 Rd3 46. Qf6 Rd2+ 47. Kh3 gxh5 48. Re6 {[%emt 0:00:00] Weighted Error Value: White=0.79/Black=0.61} 1-0

[Event "34th GER-ch Seniors-65 2022"]
[Site "Magdeburg"]
[Date "2022.08.15"]
[Round "4.11"]
[White "Ehlert, Horst"]
[Black "Gruzmann, Boris"]
[Result "1/2-1/2"]
[ECO "E62"]
[WhiteElo "2011"]
[BlackElo "2173"]
[Annotator "TA"]
[PlyCount "89"]
[EventDate "2022.08.12"]
[EventType "swiss"]
[EventCountry "GER"]
[SourceTitle "playchess.com"]
[Source "ChessBase"]
[SourceQuality "1"]
[TimeControl "40/5400+30:1800+30"]

1. d4 Nf6 2. Nf3 g6 3. c4 Bg7 4. Nc3 O-O 5. g3 d6 6. Bg2 Nc6 7. d5 Na5 8. Nd2 {[%emt 0:15:52] 8.b3 is more fashionable.} c6 {[%emt 0:01:00] E62: King's Indian: Fianchetto: 6...c6 and Panno Variation (6...Nc6) without ...a6.} 9. Rb1 cxd5 10. Nxd5 Bd7 11. O-O Rc8 12. b3 {[%emt 0:00:00] [#]} b5 $146 ({Predecessor:} 12... Nxd5 13. cxd5 b5 14. Bb2 Bxb2 15. Rxb2 b4 16. Nf3 Qb6 17. Qd2 Qc5 18. Nd4 Qc3 19. Qxc3 Rxc3 {0-1 (41) Borisova,B (2160)-Richtrova,E Bad Kissingen 1982}) 13. Nxf6+ Bxf6 14. cxb5 Bxb5 15. Ne4 Bg7 16. Bb2 Qb6 17. Bxg7 Kxg7 18. Qd2 Nc6 19. Bh3 (19. a4 $14 Ba6 20. b4) 19... Rcd8 (19... Nd4 $1 $15 20. Bxc8 Rxc8) 20. a4 $14 Ba6 21. b4 {[%emt 0:00:00] [#] Black must now prevent b5.} Bc8 22. Bg2 Qd4 (22... Bf5 $14) 23. Rfc1 (23. Qc1 $16 d5 24. e3 (24. Qxc6 dxe4 25. Qxe4 Bf5 $14)) 23... Qxd2 $11 24. Nxd2 Nd4 25. Kf1 Bf5 26. e4 Be6 27. Rc7 Rd7 28. Rbc1 {[%emt 0:00:00] [#]} (28. Rc3 $11 {keeps the balance.}) 28... Rxc7 ({Black should play} 28... a6 $1 $17 29. Nf3 Nxf3 30. Bxf3 Rb8 31. Rxd7 Bxd7) 29. Rxc7 Rc8 (29... a6 $5 ) 30. Rxc8 Bxc8 {[%emt 0:00:07][%mdl 4096] Endgame KBN-KBN} 31. f4 a6 32. Kf2 Bd7 33. Bf1 Bxa4 34. Bxa6 Kf8 35. Nb1 Bb5 36. Bxb5 Nxb5 $14 {[%emt 0:00:10] KN-KN} 37. Ke3 Ke8 38. Kd3 Kd7 39. g4 Kc6 40. Kc4 e6 41. g5 d5+ {[%emt 0:01:20] The position is equal.} 42. exd5+ exd5+ 43. Kd3 Nc7 44. Kd4 Kd6 45. Ke3 {[%emt 0:19:52] Weighted Error Value: White=0.17 (very precise) /Black=0.13 (very precise)} 1/2-1/2

[Event "34th GER-ch Seniors-65 2022"]
[Site "Magdeburg"]
[Date "2022.08.16"]
[Round "5.2"]
[White "Braun, Gottfried"]
[Black "Klundt, Klaus"]
[Result "0-1"]
[ECO "B22"]
[WhiteElo "2143"]
[BlackElo "2288"]
[Annotator "TA"]
[PlyCount "62"]
[EventDate "2022.08.12"]
[EventType "swiss"]
[EventCountry "GER"]
[SourceTitle "playchess.com"]
[Source "ChessBase"]
[SourceQuality "1"]
[TimeControl "40/5400+30:1800+30"]

1. e4 c5 2. c3 Nf6 3. e5 Nd5 4. d4 cxd4 5. Nf3 Nc6 6. cxd4 d6 7. Bc4 dxe5 8. Nxe5 e6 9. Nf3 Be7 10. O-O O-O 11. Nc3 a6 {[%emt 0:01:40] [#] B22: Sicilian: 2 c3.} 12. Re1 $146 ({Predecessor:} 12. Qe2 b5 13. Bd3 Nxc3 14. bxc3 Bb7 15. Qe4 g6 16. Bh6 Re8 17. Rfe1 Qc7 18. Qg4 Bf6 19. Ng5 {1-0 (28) Bortnyk,O (2598)-Savchenko,B (2564) Chess.com INT 2020}) 12... Nxc3 13. bxc3 b5 {[%emt 0:00:02] The position is equal.} 14. Bd3 Bb7 15. Qc2 g6 16. Bh6 Re8 17. Rad1 Rc8 {[%emt 0:01:53][%cal Oc6b4] aiming for ...Nb4!} 18. Qe2 Bf6 19. Ne5 Ne7 {[%emt 0:13:14] [#]} (19... Bh8 $11) 20. Ng4 (20. Nxf7 $1 $14 {keeps the upper hand.} Qd5 21. Qg4 $1) 20... Bh8 (20... Nd5 $17 21. Qd2 Rxc3 22. Nxf6+ Qxf6) 21. Bd2 Nf5 22. Qf1 Bd5 23. Ra1 Bc4 24. a4 {[%emt 0:05:12] [#]} (24. Ne3 $15) 24... Bxd3 ({Better is} 24... e5 $1 $17 25. Ne3 (25. axb5 axb5 26. Ne3 exd4 $17) 25... exd4 26. Nxf5 gxf5 27. Rxe8+ Qxe8 28. cxd4 Bxd4) 25. Qxd3 $15 b4 $1 26. cxb4 Bxd4 27. Ra3 (27. Rad1 $11 {keeps the balance.}) 27... Qb6 (27... h5 $17 28. Nh6+ Nxh6 29. Bxh6 Qb6) 28. Rf1 (28. a5 $15 Qd6 29. Rb3) 28... Red8 $17 {[%emt 0:00:53] Black is more active.} 29. Qe4 $2 {[%emt 0:01:50][%mdl 8192] [#]} (29. a5 $17 Qb7 30. Qf3) 29... Bxf2+ $1 $19 30. Nxf2 {[%emt 0:00:57] Rc3 is the strong threat.} Rxd2 31. Raa1 $2 (31. a5 Qa7 32. Qe1) 31... Rcc2 {[%emt 0:03:37] Weighted Error Value: White=0.77/Black=0.22 (precise)} 0-1

[Event "34th GER-ch Seniors-65 2022"]
[Site "Magdeburg"]
[Date "2022.08.16"]
[Round "5.7"]
[White "Rahls, Peter"]
[Black "Gries, Volker"]
[Result "1-0"]
[ECO "B09"]
[WhiteElo "2223"]
[BlackElo "2050"]
[Annotator "TA"]
[PlyCount "77"]
[EventDate "2022.08.12"]
[EventType "swiss"]
[EventCountry "GER"]
[SourceTitle "playchess.com"]
[Source "ChessBase"]
[SourceQuality "1"]
[TimeControl "40/5400+30:1800+30"]

1. e4 d6 2. d4 Nf6 3. Nc3 g6 4. f4 Bg7 5. Nf3 O-O 6. a3 Bg4 {[%emt 0:03:16] B09: Pirc Defence: Austrian Attack.} 7. h3 Bxf3 8. Qxf3 {[%emt 0:00:15] Black must now prevent e5.} Nc6 {[%emt 0:01:18] White is slightly better.} 9. Be3 e5 10. fxe5 (10. dxe5 $1 $14 dxe5 11. f5) 10... dxe5 $11 11. d5 Nd4 12. Qf2 {[%emt 0:00:22] [#]} Nd7 $146 (12... c6 $11) ({Predecessor:} 12... Re8 13. Bd3 Nd7 14. O-O-O Qf6 15. Qd2 c5 16. dxc6 bxc6 17. Bc4 Nb6 18. Ba2 Rad8 {1-0 (29) Malmdin,N (2306)-Biller,H (2103) Rogaska Slatina 2012}) 13. g4 $14 f5 (13... c5 $11) 14. O-O-O ({Better is} 14. gxf5 $16 gxf5 15. O-O-O) 14... fxe4 (14... f4 $1 $11 15. Bd2 c6) 15. Qg2 Rf3 16. Bxd4 (16. Qd2 $1 $14) 16... exd4 $11 17. Nxe4 Rf4 18. Bd3 Ne5 19. Nc5 {[%emt 0:01:01] And now Ne6 would win.} Qe7 (19... Qd6 $14 20. Ne6 Rf3) 20. Ne6 $16 Rf7 21. h4 c6 22. g5 ({White should try} 22. Kb1 $18) 22... cxd5 (22... Nxd3+ $11 {remains equal.} 23. Rxd3 Rf5) 23. Qxd5 Nxd3+ 24. Rxd3 Qd7 (24... Re8 $142 25. Nxd4 (25. Nxg7 Rd8 $14) 25... Kh8) 25. Qxd7 {[%emt 0:03:02] White is much more active.} Rxd7 26. Rhd1 Be5 27. Nxd4 Rad8 28. Nf3 (28. c3 $16) 28... Bf4+ $11 29. Kb1 Rxd3 30. Rxd3 Rxd3 31. cxd3 {[%emt 0:00:03][%mdl 4096] Endgame KB-KN} h6 32. Kc2 hxg5 33. Nxg5 Bxg5 $2 {[%emt 0:05:16][%mdl 8192] [#] Loses the game.} (33... Bg3 $11) 34. hxg5 {[%emt 0:00:21] KP-KP. White mates.} Kf7 35. Kc3 Ke6 36. Kd4 Kf5 37. Kd5 Kxg5 38. Ke5 Kh5 39. d4 {[%emt 0:00:20] Weighted Error Value: White=0.32/Black=0.47} 1-0

[Event "34th GER-ch Seniors-65 2022"]
[Site "Magdeburg"]
[Date "2022.08.16"]
[Round "5.8"]
[White "Kurka, Dieter"]
[Black "Glienke, Manfred"]
[Result "1/2-1/2"]
[WhiteElo "2005"]
[BlackElo "2205"]
[Annotator "TA"]
[PlyCount "29"]
[EventDate "2022.08.12"]
[EventType "swiss"]
[EventCountry "GER"]
[SourceTitle "playchess.com"]
[Source "ChessBase"]
[SourceQuality "1"]
[TimeControl "40/5400+30:1800+30"]

1. d4 d5 2. Bf4 Nf6 3. e3 e6 4. Nd2 Bd6 5. Bg3 Nbd7 6. Ngf3 {[%emt 0:00:16] D00: 1 d4 d5: Unusual lines.} Qe7 7. Ne5 O-O {[%emt 0:07:11] [#] An uneventful encounter.} {Predecessor:} 8. Bd3 $146 c5 9. c3 g6 10. h4 Nh5 11. Bh2 f6 12. Nxd7 Bxd7 13. g4 Ng7 14. h5 Bxh2 15. Rxh2 {½-½ (50) Kamsky,G (2665)-Tica,S (2402) Chess.com INT 2020} 1/2-1/2